Map: 紫晶浪漫-天梯版

Players

iGMacSed (MacSed)

  • Race: Protoss Protoss

Cyan - Winner!

  • Race: Protoss Protoss

Event: DreamHack SC2 Masters 2021 Summer

VOD

Have the link to the VOD?

Description

Time

  • Played on: May 27, 2021, 7:08 a.m.
  • Length: 6:51

All games in this series

Show
View Real Time Build Order
Export as new Build Order

iGMacSed Protoss 

Build Orders: 1 Gate Expand, Proxy Void Ray 

Get SALT Encoding   

  12  0:00  Probe  
  13  0:12  Probe  
  14  0:17  Pylon  
  14  0:24  Probe (Chrono Boost)  
  16  0:36  Probe (Chrono Boost)  
  16  0:37  Gateway  
  16  0:43  Probe (Chrono Boost)  
  16  0:45  Assimilator  
  17  0:50  Probe  
  18  1:03  Probe  
  19  1:11  Assimilator  
  20  1:24  Cybernetics Core  
  19  1:34  Nexus  
  19  1:40  Pylon  
  19  1:43  Probe  
  20  1:55  Probe  
  20  1:57  Adept (Chrono Boost)  
  23  2:01  Warp Gate  
  23  2:08  Probe  
  24  2:20  Probe  
  27  2:24  Pylon  
  27  2:29  Stargate  
  25  2:34  Probe  
  26  2:38  Stalker (Chrono Boost)  
  27  2:46  Probe  
  28  2:55  Gateway  
  28  2:56  Probe  
  29  3:06  Probe  
  29  3:09  Void Ray (Chrono Boost)  
  29  3:11  Pylon  
  34  3:26  Shield Battery  
  34  3:28  Probe  
  29  3:43  Probe  
  30  3:54  Probe  
  30  3:55  Probe  
  31  3:56  Void Ray (Chrono Boost)  
  31  3:58  Shield Battery  
  36  4:15  Gateway  
  35  4:17  Probe  
  35  4:20  Probe (Chrono Boost)  
  35  4:22  Sentry  
  39  4:29  Probe (Chrono Boost)  
  40  4:35  Void Ray  
  40  4:37  Probe (Chrono Boost)  
  42  4:39  Probe (Chrono Boost)  
  42  4:45  Probe (Chrono Boost)  
  46  4:50  Probe  
  46  4:51  Stalker  
  50  4:57  Probe  
  51  5:00  Pylon  
  51  5:09  Stalker  
  51  5:10  Void Ray (Chrono Boost)  
  51  5:12  Pylon  
  53  5:29  Shield Battery  
  53  5:30  Shield Battery  
  53  5:31  Stalker  
  55  5:46  Stalker  
  53  5:54  Probe  
  54  6:01  Stalker  
  43  6:12  Stalker  
  43  6:17  Probe  
  44  6:23  Robotics Facility  
  44  6:26  Stalker  
  46  6:33  Shield Battery  
  42  6:40  Stalker  
Show
View Real Time Build Order
Export as new Build Order

Cyan Protoss - Winner!

Build Orders: Blink Stalkers 

Get SALT Encoding   

  12  0:00  Probe  
  13  0:12  Probe  
  14  0:17  Pylon  
  14  0:24  Probe (Chrono Boost)  
  15  0:36  Probe (Chrono Boost)  
  15  0:37  Gateway  
  16  0:44  Probe (Chrono Boost)  
  16  0:46  Assimilator  
  17  0:50  Probe  
  17  0:55  Assimilator  
  18  1:03  Probe (Chrono Boost)  
  19  1:07  Gateway  
  19  1:13  Probe (Chrono Boost)  
  19  1:18  Probe (Chrono Boost)  
  20  1:24  Cybernetics Core  
  21  1:29  Probe  
  22  1:35  Pylon  
  22  1:41  Probe  
  23  1:53  Probe  
  24  2:00  Warp Gate (Chrono Boost)  
  24  2:01  Adept x2  
  24  2:06  Probe  
  29  2:13  Pylon  
  29  2:31  Stalker  
  29  2:32  Twilight Council  
  29  2:34  Stalker  
  33  2:59  Shield Battery  
  33  3:05  Blink (Chrono Boost)  
  33  3:07  Shield Battery  
  32  3:24  Nexus  
  32  3:25  Probe  
  33  3:29  Shield Battery  
  33  3:38  Probe  
  32  3:43  Stalker x2  
  36  3:50  Probe  
  35  3:58  Pylon  
  35  4:02  Probe  
  36  4:12  Stalker  
  36  4:14  Probe  
  36  4:16  Stalker  
  41  4:20  Shield Battery  
  41  4:26  Probe  
  42  4:32  Shield Battery  
  42  4:33  Pylon  
  42  4:38  Probe x2  
  44  4:50  Probe x2  
  44  4:52  Stalker x2  
  50  4:56  Gateway  
  50  5:03  Probe x2  
  50  5:06  Pylon  
  52  5:15  Probe  
  53  5:24  Stalker  
  53  5:25  Stalker  
  57  5:29  Probe, Pylon  
  58  5:36  Probe  
  58  5:40  Robotics Facility  
  58  5:41  Probe, Assimilator  
  60  5:43  Pylon  
  60  5:48  Stalker x2  
  64  5:52  Stalker  
  62  6:06  Shield Battery  
  62  6:08  Shield Battery  
  58  6:16  Stalker x3  
  58  6:17  Probe  
  65  6:20  Probe, Assimilator  
  65  6:23  Pylon  
  65  6:42  Stalker  
  65  6:43  Shield Battery, Stalker x2  
Tags
 
Add a new tag
Caveats
  • Supply blocks, unpowered buildings, or Contaminate may cause inaccurate times.
  • Supply counts are checked every 10 seconds.